 Dungeon Crawl Stone Soup version 0.31-a0-1626-g5cb510d322 (webtiles) character file.

Game seed: 6133644106279481195

11520 Ivernyr the Blocker (level 12, -7/99 HPs)
             Began as a Formicid Fighter on Jan 12, 2024.
             Was an Elder of Wu Jian.
             Mangled by Snorg (14 damage)
             ... on level 10 of the Dungeon.
             The game lasted 00:24:04 (11057 turns).

Ivernyr the Blocker (Formicid Fighter)             Turns: 11057, Time: 00:24:04

Health: -7/99      AC: 19    Str: 24    XL:     12   Next: 8%
Magic:  12/12      EV:  9    Int: 14    God:    Wu Jian [****..]
Gold:   609        SH: 26    Dex: 19    Spells: 11/11 levels left

rFire   . . .        y - +0 lajatang
rCold   . . .        c - +2 tower shield {reflect}
rNeg    . . .        b - +0 acid dragon scales
rPois   .            (helmet unavailable)
rElec   .            u - +0 cloak
rCorr   +            t - +0 pair of gloves
SInv    +            m - +2 pair of boots {Fly}
Will    +....        l - amulet of reflection
Stlth   +            A - ring "Bejus" {Int+4 Dex+6}
HPRegen 0.36/turn    r - +4 ring of protection
MPRegen 0.13/turn

%: reflection
@: mighty, exhausted, flying, studying 2 skills
A: permanent stasis, dig shafts and tunnels, antennae 3, four strong arms
a: Dig, Shaft Self, Renounce Religion, Wall Jump, Serpent's Lash


You were on level 10 of the Dungeon.
You worshipped Wu Jian.
Wu Jian was greatly pleased with you.
You visited 1 branch of the dungeon, and saw 10 of its levels.

You collected 744 gold pieces.
You spent 135 gold pieces at shops.

Inventory:

Hand Weapons
 a - a +0 quarterstaff of freezing
 y - a +0 lajatang (weapon)
Armour
 b - +0 acid dragon scales (worn)
 c - a +2 tower shield of reflection (worn)
 m - a +2 pair of boots of flying (worn)
 t - a +0 pair of gloves (worn)
 u - a +0 cloak (worn)
Jewellery
 i - a ring of positive energy
 l - an amulet of reflection (around neck)
 r - a +4 ring of protection (right hand)
 A - the ring "Bejus" (left hand) {Int+4 Dex+6}
   (You bought it in a shop on level 9 of the Dungeon)

   [ring of dexterity]

   Int+4:     It affects your intelligence (+4).
   Dex+6:     It affects your dexterity (+6).
Wands
 e - a wand of charming (5)
 o - a wand of light (8)
 q - a wand of polymorph (8)
 s - a wand of flame (4)
Scrolls
 h - a scroll of enchant armour
 j - 2 scrolls of fog
 n - 2 scrolls of vulnerability
 p - a scroll of identify
 B - 2 scrolls of amnesia {unknown}
 E - a scroll of torment {unknown}
 F - a scroll of silence {unknown}
Potions
 d - 2 potions of might
 f - a potion of enlightenment
 g - 3 potions of haste {unknown}
 k - a potion of brilliance
 v - 2 potions of mutation {unknown}
 w - 2 potions of curing
 x - 3 potions of degeneration {unknown}
 z - 2 potions of heal wounds {unknown}
 C - a potion of attraction {unknown}
Miscellaneous
 D - a phial of floods


   Skills:
 + Level 10.6 Fighting
 + Level 9.4 Staves
 + Level 10.6 Armour
 + Level 12.5 Shields
 + Level 2.6 Evocations


You had 11 spell levels left.
You didn't know any spells.
Your spell library contained the following spells:

 Spells                   Type           Power      Damage    Failure   Level
 Foxfire                  Conj/Fire      0%         2x1d4     69%         1
 Kiss of Death            Conj/Necr      0%         2d5       69%         1
 Confusing Touch          Hex            0%         N/A       96%         3
 Frozen Ramparts          Ice            0%         1d1       96%         3
 Volatile Blastmotes      Fire/Tloc      0%         2d10      96%         3
 Anguish                  Hex/Necr       0%         N/A       100%        4
 Animate Dead             Necr           0%         N/A       100%        4
 Cause Fear               Hex            0%         N/A       100%        4
 Dispel Undead            Necr           0%         3d6       100%        4
 Fulminant Prism          Conj/Alch      0%         3d5       100%        4
 Iskenderun's Mystic Bla  Conj/Tloc      0%         2d3       100%        4
 Leda's Liquefaction      Alch/Erth      0%         N/A       100%        4
 Petrify                  Alch/Erth      0%         N/A       100%        4
 Metabolic Englaciation   Hex/Ice        0%         N/A       100%        5
 Summon Forest            Summ/Tloc      0%         N/A       100%        5
 Eringya's Noxious Bog    Alch           0%         4d6       100%        6
 Plasma Beam              Fire/Air       0%         2x1d10    100%        6
 Starburst                Conj/Fire      0%         6d3       100%        6
 Enfeeble                 Hex            0%         N/A       100%        7
 Haunt                    Necr/Summ      0%         N/A       100%        7
 Summon Hydra             Summ           0%         N/A       100%        7
 Infestation              Necr           0%         N/A       100%        8


Dungeon Overview and Level Annotations

Branches:
Dungeon (10/15)            Temple (0/1) D:6
   Lair: D:8-11         Orc: D:9-12

Altars:
Ashenzari
Dithmenos
Elyvilon
Gozag
Qazlal
Sif Muna
Trog
Wu Jian
Yredelemnul
The Shining One

Shops:
D:9 (**!?

Annotations:
D:10 Snorg


Innate Abilities, Weirdness & Mutations

You cannot be hasted, slowed, berserked, paralysed or teleported.
You can dig through walls and to a lower floor.
You have a pair of large antennae on your head. (SInv)
Your four strong arms can wield two-handed weapons with a shield.


Message History

Snorg claws you! You block Snorg's attack.
You barely miss Snorg.
Snorg is moderately wounded.
You block Snorg's attack. x4; Snorg claws you.
Snorg claws you but does no damage.
You cut Snorg into ribbons!!!
Snorg is heavily wounded.
You block Snorg's attack. Snorg claws you. You block Snorg's attack.
You block Snorg's attack. x2; Snorg claws you!
There is an open door here.
You block Snorg's attack. Snorg claws you! You block Snorg's attack.
Your muscles tense, ready for explosive movement...
You spin and attack Snorg, with incredible momentum.
You slash Snorg!
Snorg is heavily wounded.
You spin and attack Snorg, with incredible momentum.
You slice Snorg!!
Snorg is severely wounded.
Your supernatural speed expires.
You hit Snorg.
Snorg is severely wounded.
You block Snorg's attack. Snorg claws you! You block Snorg's attack.
Snorg bites you! You block Snorg's attack. x2
You closely miss Snorg.
Snorg is severely wounded.
You block Snorg's attack. x3
You closely miss Snorg.
Snorg is severely wounded.
You block Snorg's attack. x2; Snorg closely misses you.
Snorg bites you. Snorg claws you!!
* * * LOW HITPOINT WARNING * * *
You block Snorg's attack.
Unknown command.
Okay, then.
Snorg bites you.
* * * LOW HITPOINT WARNING * * *
You block Snorg's attack. x2
You begin to dig a shaft.
You continue digging a shaft.
You block Snorg's attack. Snorg claws you!
You die...

#.##......#
########........
#......)..# #........
#....####(# #........
#..#.#..#.# #####...#
#.......#.#########
#.......#..........
#.###.##....<.....#
#.......[####.....#########
#####..)....'...@T'........
#########.....#########
#.........# #.........#
#####.....# #.....# #.....#
#######


You could see Snorg (berserk).

Vanquished Creatures
  Gastronok (D:8)
  A boulder beetle (D:9)
  An ugly thing (D:7)
  2 manticores (D:7)
  An unseen horror (D:7)
  3 trolls (D:7)
  2 hornets (D:9)
  A slime creature (D:7)
  2 shadows (D:10)
  A wyvern (D:7)
  A vampire (D:10)
  7 yaks (D:9)
  A steam dragon (D:7)
  Menkaure (D:5)
  3 acid dragons
  3 water moccasins (D:7)
  Duvessa (D:4)
  4 ice beasts
  An ogre (D:5)
  4 sky beasts
  5 black bears
  An orc warrior (D:9)
  3 centaurs
  3 phantoms
  3 kobold brigands
  2 bullfrogs (D:9)
  3 gnoll sergeants
  3 scorpions
  8 wights (D:9)
  Dowan (D:4)
  11 killer bees
  3 howler monkeys
  2 hounds (D:7)
  3 bombardier beetles (D:5)
  2 jellies (D:3)
  3 orc priests
  Crazy Yiuf (D:7)
  4 iguanas
  Ijyb (D:3)
  8 orc wizards
  Natasha (D:3)
  Robin (D:2)
  7 gnolls
  13 adders
  2 shadow imps (D:7)
  4 white imps
  4 ufetubi
  5 dart slugs
  3 ribbon worms
  42 orcs
  A ball python (D:4)
  2 bats
  17 endoplasms
  3 giant cockroaches
  13 goblins
  12 hobgoblins
  4 jackals (D:3)
  6 quokkas
  6 frilled lizards
  22 kobolds
  4 rats
283 creatures vanquished.

Notes
Turn   | Place    | Note
-------+----------+-------------------------------------------
     0 | D:1      | Ivernyr the Formicid Fighter began the quest for the Orb.
     0 | D:1      | Reached XP level 1. HP: 18/18 MP: 1/1
   156 | D:1      | Reached XP level 2. HP: 24/24 MP: 2/2
   281 | D:1      | Found a faded altar of an unknown god.
   698 | D:2      | Reached XP level 3. HP: 25/30 MP: 3/3
   794 | D:2      | Identified the +2 helmet of Qoese {rElec rF+ Will+}
  1140 | D:2      | Identified the +3 helmet "Paziumergh" {rPois Will+ Str-5
                  | Stlth+}
  1140 | D:2      | Noticed Robin
  1154 | D:2      | Killed Robin
  1155 | D:2      | Reached XP level 4. HP: 25/37 MP: 4/4
  1551 | D:3      | Found a shadowy altar of Dithmenos.
  1624 | D:3      | Reached XP level 5. HP: 42/42 MP: 5/5
  1715 | D:3      | Reached skill level 5 in Shields
  1754 | D:3      | Found an ornate altar of the Wu Jian Council.
  1754 | D:3      | Found a glowing golden altar of the Shining One.
  1754 | D:3      | Found a stormy altar of Qazlal.
  1754 | D:3      | Found a white marble altar of Elyvilon.
  1754 | D:3      | Found an opulent altar of Gozag.
  1754 | D:3      | Found a shimmering blue altar of Sif Muna.
  1826 | D:3      | Reached XP level 6. HP: 24/49 MP: 6/6
  2168 | D:3      | Became a worshipper of the Wu Jian Council
  2218 | D:3      | Noticed Ijyb
  2230 | D:3      | Killed Ijyb
  2275 | D:3      | Found a glowing golden altar of the Shining One.
  2418 | D:3      | Noticed Natasha
  2422 | D:3      | Killed Natasha
  2963 | D:4      | Reached * piety under Wu Jian
  3214 | D:4      | Reached XP level 7. HP: 50/55 MP: 7/7
  3307 | D:4      | Found a broken altar of Ashenzari.
  3338 | D:4      | Noticed Dowan
  3344 | D:4      | Reached skill level 5 in Fighting
  3344 | D:4      | Reached skill level 5 in Armour
  3344 | D:4      | Reached skill level 6 in Shields
  3793 | D:4      | Noticed Duvessa
  3814 | D:4      | Killed Duvessa
  3820 | D:4      | Killed Dowan
  3900 | D:4      | Reached XP level 8. HP: 27/63 MP: 8/8
  4545 | D:5      | Entered Level 5 of the Dungeon
  4663 | D:5      | Reached skill level 7 in Shields
  4885 | D:5      | Noticed Menkaure
  4902 | D:5      | Killed Menkaure
  4963 | D:5      | Reached skill level 5 in Staves
  5015 | D:5      | Found the +5 Force Lance {heavy, knockback}
  5171 | D:5      | You fall into a shaft and drop 2 floors!
  5361 | D:7      | Reached skill level 8 in Shields
  5361 | D:7      | Reached XP level 9. HP: 71/71 MP: 9/9
  5371 | D:7      | Reached ** piety under Wu Jian
  5382 | D:7      | Found a bloodstained altar of Trog.
  5663 | D:7      | Noticed an unseen horror
  5879 | D:6      | Found a staircase to the Ecumenical Temple.
  5891 | D:6      | Reached skill level 9 in Shields
  7191 | D:7      | Found a runed translucent door.
  7192 | D:7      | Noticed Crazy Yiuf
  7203 | D:7      | Killed Crazy Yiuf
  7395 | D:7      | Reached XP level 10. HP: 40/80 MP: 10/10
  7517 | D:7      | Reached skill level 10 in Shields
  7555 | D:7      | HP: 4/82 [steam dragon (3)]
  7557 | D:7      | You fall into a shaft and drop 2 floors!
  7712 | D:9      | Identified a scroll of acquirement
  7712 | D:9      | Acquired a +2 pair of boots of flying
  7870 | D:9      | Found a runed translucent door.
  7874 | D:9      | Noticed a boulder beetle
  7924 | D:9      | Found Nurchiba's General Store.
  7941 | D:9      | Reached *** piety under Wu Jian
  8057 | D:9      | Found Weolasu's Assorted Antiques.
  8177 | D:9      | Bought a flickering bronze ring for 135 gold pieces
  8177 | D:9      | Identified the ring "Bejus" {Int+4 Dex+6} (You bought it in
                  | a shop on level 9 of the Dungeon)
  8253 | D:9      | Found Hixec's Weapon Shoppe.
  8302 | D:9      | Found Ostrolecs's Distillery.
  8343 | D:9      | Found Cago's Magic Scroll Shoppe.
  8812 | D:8      | Noticed Gastronok
  8824 | D:8      | Killed Gastronok
  8825 | D:8      | Reached skill level 11 in Shields
  8825 | D:8      | Reached XP level 11. HP: 67/89 MP: 11/11
  8920 | D:8      | Found a shimmering blue altar of Sif Muna.
  9228 | D:9      | Found a basalt altar of Yredelemnul.
  9458 | D:9      | Killed a boulder beetle
  9459 | D:9      | Reached skill level 10 in Fighting
  9459 | D:9      | Reached skill level 10 in Armour
  9491 | D:9      | Reached skill level 12 in Shields
  9549 | D:10     | Entered Level 10 of the Dungeon
  9703 | D:7      | Noticed a purple ugly thing
  9716 | D:7      | Killed a purple ugly thing
  9850 | D:7      | Reached skill level 1 in Evocations
  9910 | D:7      | Identified the +0 ring mail of Qokysieg {rPois rC- Dex+3}
  9944 | D:7      | You are sucked into a shaft and drop 2 floors!
 10174 | D:7      | Noticed a manticore
 10181 | D:7      | Killed a manticore
 10324 | D:7      | Reached **** piety under Wu Jian
 10326 | D:7      | Noticed a manticore
 10334 | D:7      | Killed a manticore
 10708 | D:10     | Reached XP level 12. HP: 95/98 MP: 12/12
 10862 | D:10     | Found an ornate altar of the Wu Jian Council.
 11017 | D:10     | Identified the +6 great sword of Famine {elec, Stlth+}
 11042 | D:10     | Noticed Snorg
 11057 | D:10     | Mangled by Snorg

Illustrated notes

Levels and vault maps discovered:
D:1:      shiori_arrival_elements, layout_loops_ring,
          ebering_ecumenical_altar_petrified
D:2:      layout_loops_ring, uniq_robin
D:3:      cheibrodos_fertilizer, layout_loops_ring,
          grunt_dithmenos_smoke_and_mirrors,
          mainiacjoe_overflow_six_doors_small, uniq_ijyb, uniq_natasha
D:4:      corexii_shantytown, layout_loops_corners, overflow_temple_1_default,
          serial_park_tiny_pond, nrook_loot_triangle, dreamdust_princess_bridge,
          kennysheep_cross_bottleneck, uniq_duvessa
D:5:      layout_gridville, uniq_menkaure
D:6:      layout_loops_corners, minmay_temple_entry_drinking_statues
D:7:      nzn_winding_woodlands_large [nzn_winding_woodlands_5x5_perimeter,
          nzn_winding_woodlands_5x15_pockets, nzn_winding_woodlands_5x5_three,
          nzn_winding_woodlands_center_diamonds,
          nzn_winding_woodlands_15x15_thick_spiral,
          nzn_winding_woodlands_center_pierced_h,
          nzn_winding_woodlands_5x5_open_star,
          nzn_winding_woodlands_5x15_sidewinder,
          nzn_winding_woodlands_5x5_default], layout_loops_ring, bloody_trog,
          minmay_manual_monstrance, uniq_crazy_yiuf_cottage
D:8:      layout_cave_pools, nicolae_overflow_crystal_walls, uniq_gastronok
D:9:      layout_irregular_city, mainiacjoe_overflow_catwalk, serial_shops,
          nicolae_take_the_stairs, nicolae_shop_stone,
          nicolae_shop_tiny_waterfront, nicolae_shop_tiny_waterfront, shop,
          enter_bailey_8, minmay_st_funbox
D:10:     minmay_clustersquares, layout_basic, kennysheep_little_box, uniq_snorg

Skill      XL: |  1  2  3  4  5  6  7  8  9 10 11 |
---------------+----------------------------------+-----
Fighting       | 4 5 6 7 9 10 | 10.6
Staves         | 3 4 5 6 8 9 |  9.4
Armour         | 4 5 6 7 9 10 | 10.6
Shields        | 5 6 8 9 11 12 | 12.5
Evocations     | 2 |  2.6

Action                     |  1- 3 |  4- 6 |  7- 9 | 10-12 || total
---------------------------+-------+-------+-------+-------++-------
  Melee: Quarterstaff      |    83 |   241 |   358 |       ||   682
         Lajatang          |       |       |     9 |   456 ||   465
 Invoke: Serpent's Lash    |       |       |       |     5 ||     5
Ability: Dig               |       |     2 |     1 |     1 ||     4
         Lunge             |       |     7 |     7 |    17 ||    31
         Whirlwind         |       |     1 |     1 |    34 ||    36
         Shaft Self        |       |       |     1 |     3 ||     4
  Evoke: Wand              |       |       |     3 |       ||     3
    Use: Potion            |       |     4 |     1 |     1 ||     6
         Scroll            |       |       |     5 |     3 ||     8
 Armour: Scale mail        |    48 |   126 |   165 |   132 ||   471
         Acid dragon scale |       |       |       |    36 ||    36
  Dodge: Dodged            |    28 |   112 |    89 |    62 ||   291
  Block: Buckler           |    23 |    54 |    45 |       ||   122
         Tower shield      |       |       |   182 |   594 ||   776
         Reflection        |       |       |     3 |    19 ||    22

Table legend: (Time is in decaauts)
 A = Elapsed time spent in this place.
 B = Non-inter-level travel time spent in this place.
 C = Inter-level travel time spent in this place.
 D = Time resting spent in this place.
 E = Time spent auto-exploring this place.
 F = Levels seen in this place.
 G = Mean time per level.
                   A        B        C        D        E       F      G
               +--------+--------+--------+--------+--------+-----+--------+
         Total |  11247 |  10930 |    317 |   2077 |   6087 |  10 | 1124.7 |
       Dungeon |  11247 |  10930 |    317 |   2077 |   6087 |  10 | 1124.7 |
               +--------+--------+--------+--------+--------+-----+--------+

Top non-repeatable levels by time:
     D:7: 2062 daAuts
     D:4: 1927 daAuts
     D:9: 1517 daAuts
     D:3: 1182 daAuts
     D:5: 959 daAuts
     D:6: 860 daAuts
     D:2: 805 daAuts
     D:8: 790 daAuts
     D:1: 695 daAuts
    D:10: 446 daAuts
